 Dungeon Crawl Stone Soup version 0.23.2-40-g277498a001 (webtiles) character file.

Game seed: 8898347400345608501

83 Hubris the Magician (level 4, -2/30 HPs)
             Began as a Demonspawn Wizard on Aug 26, 2019.
             Slain by a worm (7 damage)
             ... on level 3 of the Dungeon.
             The game lasted 00:09:20 (2076 turns).

Hubris the Magician (Demonspawn Wizard)             Turns: 2076, Time: 00:09:21

Health: -2/30      AC: 10    Str:  7    XL:     4   Next: 22%
Magic:  0/10       EV: 12    Int: 21    God:
Gold:   119        SH:  0    Dex: 11    Spells: 6/11 levels left

rFire    . . .     SeeInvis .   i - +0 dagger
rCold    . . .     Gourm    .   (no shield)
rNeg     . . .     Faith    .   a - +0 robe
rPois    +         Spirit   +   e - +0 helmet
rElec    .         Reflect  .   g - +0 cloak
rCorr    .         Harm     .   (no gloves)
MR       .....                  (no boots)
Stlth    ++........             (no amulet)
HPRegen  0.10/turn              b - ring of poison resistance
MPRegen  0.12/turn              (no ring)

@: sanguine armour, very slightly contaminated
A: magic shield, sanguine armour 1
a: no special abilities


You were on level 3 of the Dungeon.
You were not hungry.

You visited 1 branch of the dungeon, and saw 3 of its levels.

You collected 119 gold pieces.

Inventory:

Hand Weapons
 i - a +0 dagger (weapon)
Missiles
 j - 4 tomahawks (quivered)
Armour
 a - a +0 robe (worn)
 e - a +0 helmet (worn)
 g - a +0 cloak (worn)
Jewellery
 b - a ring of poison resistance (left hand)
Scrolls
 f - 5 scrolls of remove curse {unknown}
 h - 5 scrolls of identify {unknown}
 k - 2 scrolls of enchant armour {unknown}
 l - a scroll of fog {unknown}
Potions
 m - a potion of curing {unknown}
 n - a potion of mutation {unknown}
Comestibles
 c - a chunk of flesh
 d - 4 rations


   Skills:
 - Level 2.0 Dodging
 - Level 2.0 Stealth
 * Level 4.2 Spellcasting
 + Level 2.2 Conjurations
 - Level 1.0 Summonings
 - Level 0.8 Translocations


You had 6 spell levels left.
You knew the following spells:

 Your Spells              Type           Power        Failure   Level  Hunger
a - Magic Dart            Conj           ##..         4%          1    None
b - Blink                 Tloc           N/A          13%         2    #......
c - Call Imp              Summ           #.......     12%         2    #......

Your spell library contained the following spells:

 Spells                   Type           Power        Failure   Level  Hunger
 Slow                     Hex            #.......     19%         2    #......
 Conjure Flame            Conj/Fire      #.......     22%         3    ###....
 Mephitic Cloud           Conj/Pois/Air  #.......     26%         3    ###....


Dungeon Overview and Level Annotations

Branches:
Dungeon (3/15)

Altars:
Fedhas


Innate Abilities, Weirdness & Mutations

When hurt, damage is shared between your health and your magic reserves.
When seriously injured, your bleeding wounds create armour. (AC +6)


Message History

The worm bites you.
* * * LOW HITPOINT WARNING * * *
You hit the worm.
The worm is almost dead.
Casting: Magic Dart (safe; 4% risk of failure)
Confirm with . or Enter, or press ? or * to list all spells.
Aiming: Magic Dart (safe; 4% risk of failure)
Press: ? - help, Shift-Dir - straight line, f/p - worm
Aim: a worm (almost dead)
You miscast Magic Dart.
Sparks fly from your hands! The worm bites you but does no damage.
You barely miss the worm.
The worm is almost dead.
You hit the worm but do no damage.
The worm is almost dead.
The worm barely misses you.
You barely miss the worm.
The worm is almost dead.
The worm bites you!
You die...

########## #........#
######.?......#
#....#........#######
+...@'........'......
#...w#........#######
#....#######'##
###### #.# #.# #.#
#.# #.# #.#


You could see a worm.

Vanquished Creatures
  3 adders
  An ooze (D:2)
  A leopard gecko (D:1)
  An orc (D:3)
  8 goblins
  4 hobgoblins
  8 jackals (D:1)
  4 kobolds
  A quokka (D:2)
  4 bats
  2 frilled lizards (D:1)
  14 rats
51 creatures vanquished.

Notes
Turn   | Place    | Note
-------+----------+-------------------------------------------
     0 | D:1      | Hubris the Demonspawn Wizard began the quest for the Orb.
     0 | D:1      | Reached XP level 1. HP: 13/13 MP: 4/4
   258 | D:1      | Gained mutation: When hurt, damage is shared between your
                  | health and your magic reserves. [demonic ancestry]
   258 | D:1      | Reached XP level 2. HP: 19/19 MP: 0/6
   844 | D:1      | Learned a level 2 spell: Blink
   847 | D:1      | Learned a level 2 spell: Call Imp
   938 | D:1      | Gained mutation: When seriously injured, your bleeding
                  | wounds create armour. (AC +6) [demonic ancestry]
   938 | D:1      | Reached XP level 3. HP: 15/24 MP: 0/8
  1452 | D:2      | Reached skill level 4 in Spellcasting
  1744 | D:2      | Reached XP level 4. HP: 30/30 MP: 10/10
  1849 | D:3      | Found a blossoming altar of Fedhas.
  2076 | D:3      | Slain by a worm

Skill      XL: |  1  2  3 |
---------------+----------+-----
Dodging        | 2 |  2.0
Stealth        | 2 |  2.0
Conjurations   | 2 |  2.2
Spellcasting   | 4 |  4.2
Summonings     | |  1.0
Translocations | |  0.8

Action                   |  1- 3 |  4- 6 || total
-------------------------+-------+-------++-------
Melee: Unarmed           |    13 |       ||    13
       Dagger            |    70 |    18 ||    88
 Cast: Magic Dart        |    79 |    18 ||    97
 Stab: Sleeping          |     3 |     2 ||     5
  Eat: Chunk             |     3 |     1 ||     4
Armor: Robe              |    22 |     3 ||    25
Dodge: Dodged            |    74 |    11 ||    85
